 Dungeon Crawl Stone Soup version 0.28.0-53-g5a82cb258f (webtiles) character file.

Game seed: 3467496167629551637

3 DemonSlayer the Firebug (level 1, -1/10 HPs)
             Began as a Deep Elf Fire Elementalist on Aug 10, 2022.
             Slain by a quokka (4 damage)
             ... on level 1 of the Dungeon on Aug 11, 2022.
             The game lasted 00:01:37 (351 turns).

DemonSlayer the Firebug (Deep Elf Fire Elementalist) Turns: 351, Time: 00:01:37

Health: -1/10      AC:  2    Str:  5    XL:     1   Next: 41%
Magic:  4/6        EV: 12    Int: 19    God:
Gold:   22         SH:  0    Dex: 15    Spells: 5/6 levels left

rFire   . . .      SeeInvis .   d - +3 dagger
rCold   . . .      Faith    .   (no shield)
rNeg    . . .      Spirit   .   a - +0 robe
rPois   .          Reflect  .   (no helmet)
rElec   .          Harm     .   (no cloak)
rCorr   .          Rampage  .   (no gloves)
Will    .....                   (no boots)
Stlth   ++........              (no amulet)
HPRegen 0.03/turn               (no ring)
MPRegen 0.10/turn               (no ring)

@: very slightly contaminated
A: no striking features
a: no special abilities


You were on level 1 of the Dungeon.
You visited 1 branch of the dungeon, and saw 1 of its levels.

You collected 22 gold pieces.

Inventory:

Hand Weapons
 d - a +3 dagger (weapon)
Armour
 a - a +0 robe (worn)
Scrolls
 c - a scroll of identify {unknown}
Potions
 b - a potion of haste {unknown}


   Skills:
 + Level 2.4 Dodging
 + Level 2.4 Stealth
 + Level 3.2 Spellcasting
 + Level 1.1 Conjurations
 + Level 3.4 Fire Magic


You had 5 spell levels left.
You knew the following spells:

 Your Spells              Type           Power      Damage    Failure   Level
a - Foxfire               Conj/Fire      44%        2x1d6     6%          1

Your spell library contained the following spells:

 Spells                   Type           Power      Damage    Failure   Level
 Scorch                   Fire           32%        2d6       5%          2
 Conjure Flame            Conj/Fire      11%        6-21      19%         3
 Inner Flame              Hex/Fire       9%         N/A       22%         3
 Flame Wave               Conj/Fire      11%        2d5       52%         4


Dungeon Overview and Level Annotations

Branches:
Dungeon (1/15)

Altars:


Message History

You kill the kobold!
You are too depleted to draw on your mana recklessly!
You are too depleted to draw on your mana recklessly!
Your foxfire dissipates! x2
Your magical contamination has completely faded away.
Your foxfire dissipates! x3
Magic restored.
You see here a +3 dagger.
c - a scroll labelled UTYAKEA GOAZIAK You see here a +3 dagger.
d - a +3 dagger
d - a +3 dagger (weapon)
Setting a skill training target for Short Blades at 10.0.
A hobgoblin comes into view.
A hobgoblin is nearby!
A hobgoblin is nearby!
A quokka comes into view.
The hobgoblin shouts!
The quokka twitches its whiskers.
You miscast Foxfire.
You are very lightly contaminated with residual magic.
Nothing appears to happen.
You conjure some foxfire!
The hobgoblin hits you.
Ouch! That really hurt!
The foxfire hits the quokka.
The quokka is lightly wounded.
You are too injured to fight recklessly!
You are too injured to fight recklessly!
You are too injured to fight recklessly!
You hit the hobgoblin.
The hobgoblin is lightly wounded.
The foxfire hits the hobgoblin.
The hobgoblin is heavily wounded.
The hobgoblin hits you.
* * * LOW HITPOINT WARNING * * *
Unknown command.
You hit the hobgoblin but do no damage.
The hobgoblin is moderately wounded.
The quokka bites you.
You die...

#.####. ##.##.# ##.##.
##.## ##.# ### ##.
##### ...# ##
#...#####..# ##.
#.@g.......# ##.#
##.r######## ##.## #..#
##.### #..# ##.####
#..# ##.####. #..#
#.####.# #..# ##.##.##
######..########.#.##.#
#............##.##..##.


You could see a quokka and a hobgoblin.

Vanquished Creatures
  A giant cockroach (D:1)
  A ball python (D:1)
  2 kobolds (D:1)
4 creatures vanquished.

Vanquished Creatures (others)
  15 foxfires (D:1)
15 creatures vanquished.

Grand Total: 19 creatures vanquished

Notes
Turn   | Place    | Note
-------+----------+-------------------------------------------
     0 | D:1      | DemonSlayer the Deep Elf Fire Elementalist began the quest
                  | for the Orb.
     0 | D:1      | Reached XP level 1. HP: 10/10 MP: 6/6
   351 | D:1      | Slain by a quokka

Illustrated notes

Levels and vault maps discovered:
D:1:      nagdon_arrival_zigzag_paths, layout_loops_ring, corner_web_ring,
          due_unseen_surprise

Action                   || total
-------------------------++-------
Melee: Dagger            ||     2
 Cast: Foxfire           ||    13
Armor: Robe              ||     1
